 Dungeon Crawl Stone Soup version 0.24-a0-264-gf46a388 (webtiles) character file.

Game seed: 16567579841566626156

4052 theanonym the Basher (level 10, -2/69 HPs)
             Began as a Mummy Warper on Apr 20, 2019.
             Was an Initiate of Gozag.
             Slain by an orc warrior
             ... wielding a +0 scimitar
              (12 damage)
             ... on level 7 of the Dungeon on Apr 21, 2019.
             The game lasted 00:21:08 (12281 turns).

theanonym the Basher (Mummy Warper)                Turns: 12281, Time: 00:21:09

Health: -2/69      AC: 14    Str: 17    XL:     10   Next: 4%
Magic:  14/14      EV: 10    Int: 12    God:    Gozag
Gold:   495        SH:  0    Dex: 13    Spells: 14/14 levels left

rFire    x . .     SeeInvis .   a - +0 morningstar
rCold    + . .     Gourm    .   (no shield)
rNeg     + + +     Faith    .   o - +0 chain mail
rPois    ∞         Spirit   .   (no helmet)
rElec    .         Reflect  .   (no cloak)
rCorr    .         Harm     .   m - +2 pair of gloves (curse)
MR       +....                  h - +2 pair of boots
Stlth    ..........             e - amulet of regeneration
HPRegen  0.61/turn              b - +3 ring of evasion
MPRegen  0.14/turn              k - ring of stealth

@: no status effects
A: no food or potions, fire vulnerability, cold resistance 1, negative energy
resistance 3, torment resistance, unbreathing
a: Potion Petition, Call Merchant, Bribe Branch, Renounce Religion


Innate Abilities, Weirdness & Mutations

You do not eat or drink.
Your flesh is vulnerable to fire.
You are immune to poison.
Your flesh is cold resistant. (rC+)
You are immune to negative energy. (rN+++)
You are immune to unholy pain and torment.
You can survive without breathing.


   Skills:
 - Level 2.9 Fighting
 * Level 11.9 Maces & Flails
 - Level 0.7 Throwing
 - Level 0.7 Armour
 - Level 1.5 Dodging
 - Level 2.6 Spellcasting
   Level 2.4 Translocations


You had 14 spell levels left.
You didn't know any spells.
Your spell library contained the following spells:

 Spells                   Type           Power        Failure   Level  Hunger
 Blink                    Tloc           N/A          94%         2    N/A
 Shroud of Golubria       Chrm/Tloc      #.........   99%         2    N/A
 Gell's Gravitas          Tloc           #.........   99%         3    N/A
 Lesser Beckoning         Tloc           #.........   99%         3    N/A
 Teleport Other           Tloc           #.......     99%         3    N/A
 Passage of Golubria      Tloc           N/A          100%        4    N/A

Skill      XL: |  1  2  3  4  5  6  7  8  9 |
---------------+----------------------------+-----
Maces & Flails | 2 3 5 6 8 9 11 | 11.9
Fighting       | |  2.9
Throwing       | |  0.7
Armour         | |  0.7
Dodging        | |  1.5
Spellcasting   | |  2.6
Translocations | |  2.4

Action                   |  1- 3 |  4- 6 |  7- 9 | 10-12 || total
-------------------------+-------+-------+-------+-------++-------
Melee: Mace              |   170 |     3 |       |       ||   173
       Morningstar       |       |   275 |   699 |    49 ||  1023
Invok: Potion Petition   |       |       |     1 |       ||     1
Evoke: Wand              |       |     3 |     9 |       ||    12
  Use: Scroll            |       |     7 |    10 |       ||    17
 Stab: Sleeping          |     1 |       |       |       ||     1
       Distracted        |       |       |     1 |       ||     1
Armor: Leather armour    |    58 |       |       |       ||    58
       Ring mail         |    27 |     2 |       |       ||    29
       Scale mail        |       |   196 |   138 |       ||   334
       Chain mail        |       |       |   253 |    31 ||   284
Dodge: Dodged            |   167 |   230 |   444 |    22 ||   863

Inventory:

Hand Weapons
 a - a +0 morningstar (weapon)
Missiles
 d - a throwing net
 j - 4 tomahawks
 q - 5 tomahawks of dispersal (quivered)
Armour
 h - a +2 pair of boots (worn)
 i - a +0 cloak
 l - a +0 scale mail
 m - a cursed +2 pair of gloves (worn)
 o - a +0 chain mail (worn)
Jewellery
 b - a +3 ring of evasion (left hand)
 e - an amulet of regeneration (around neck)
 k - a ring of stealth (right hand)
 w - a +6 ring of intelligence
Wands
 c - a wand of clouds (8)
 g - a wand of random effects (20)
Scrolls
 f - 2 scrolls of fog
 n - 2 scrolls of remove curse
 p - a scroll of amnesia
 r - a scroll of identify
 s - 2 scrolls of random uselessness
 t - a scroll of teleportation {!r}
 u - 3 scrolls of enchant weapon
 v - a scroll of enchant armour
 x - a scroll of fear {unknown}
 y - a scroll of magic mapping
 B - 2 scrolls of blinking


You were on level 7 of the Dungeon.
You worshipped Gozag.
Gozag was aware of your devotion.
You were not hungry.

You visited 2 branches of the dungeon, and saw 9 of its levels.
You also visited: Ossuary.

You collected 1082 gold pieces.
You spent 524 gold pieces at shops.
You paid 63 gold pieces to Gozag.

Dungeon Overview and Level Annotations

Branches:
Dungeon (8/15)             Temple (1/1) D:5
   Lair: D:8-11

Altars:
Ashenzari
Cheibriados
Dithmenos
Elyvilon
Fedhas
Gozag
Hepliaklqana
Kikubaaqudgha
Makhleb
Nemelex Xobeh
Okawaru
Qazlal
Ru
Sif Muna
Trog
Uskayaw
Vehumet
Wu Jian
Xom
Yredelemnul
Zin
The Shining One

Shops:
D:5 *   D:6 (=

Annotations:
D:3 2 transporters, PeterLawrence's ghost, amateur MiFi

#.##### #..## #.####
#.#...####...###....#
#......##.###.#####.# ##
#......##.# #.# #.# .#
##.....##.###.## #.# .#
##...###....#.## #.# .#
###########.####..##...###.#
.#
#...........o.....#.....##.#
.#
#.#########@####.....<.....#
######.# #[# ####.<...####
....##.#########.#
#....#####
.................#
#.#.......
###..#.###########
#.######## #..#.#
#########.# ###..#.#
#.........#
.......#########.#########
####.###.........#


You could see an orc warrior.

Notes
Turn   | Place    | Note
-------+----------+-------------------------------------------
     0 | D:1      | theanonym the Mummy Warper began the quest for the Orb.
     0 | D:1      | Reached XP level 1. HP: 16/16 MP: 4/4
   102 | D:1      | Reached skill level 2 in Maces & Flails
   103 | D:1      | Reached XP level 2. HP: 14/22 MP: 5/5
   107 | D:1      | HP: 9/22 [dart slug/slug dart (5)]
   358 | D:1      | HP: 10/23 [jackal (2)]
   366 | D:1      | HP: 7/23 [goblin/+0 dagger (1)]
   368 | D:1      | HP: 3/23 [hobgoblin (4)]
   374 | D:1      | HP: 1/23 [kobold/+0 dagger (1)]
   890 | D:1      | Reached XP level 3. HP: 20/28 MP: 7/7
  1320 | D:2      | HP: 10/28 [worm (8)]
  1328 | D:1      | HP: 10/28 [hobgoblin/+0 club (1)]
  1813 | D:2      | HP: 13/28 [adder (4)]
  1819 | D:2      | HP: 10/28 [rat (1)]
  2071 | D:2      | Reached skill level 3 in Maces & Flails
  2141 | D:2      | HP: 13/28 [orc/+0 hand axe (6)]
  2148 | D:2      | HP: 11/28 [orc/+0 whip (2)]
  2168 | D:1      | HP: 7/28 [orc/+0 whip (1)]
  2171 | D:1      | Reached XP level 4. HP: 8/34 MP: 8/8
  2544 | D:2      | Found a bloodstained altar of Trog.
  2563 | D:2      | HP: 14/34 [hobgoblin/stone (4)]
  3092 | D:3      | HP: 14/34 [hound (4)]
  3300 | D:3      | Reached XP level 5. HP: 40/40 MP: 9/9
  3364 | D:3      | HP: 19/40 [orc/+0 trident (4)]
  3366 | D:3      | Reached skill level 4 in Maces & Flails
  3366 | D:3      | HP: 9/40 [orc/+0 trident (5)]
  4149 | D:3      | Found a transporter.
  4154 | D:3      | Found a transporter.
  4155 | D:3      | Noticed PeterLawrence's ghost (amateur MiFi)
  4156 | D:3      | Noticed an ogre
  4156 | D:3      | Noticed an ogre
  4160 | D:3      | Noticed an ogre
  4289 | D:4      | Noticed a phantom
  4344 | D:4      | Noticed Eustachio
  4361 | D:4      | HP: 20/40 [Eustachio/+0 falchion (4)]
  4366 | D:4      | HP: 9/40 [white imp/puff of frost[Eustachio] (3)]
  4704 | D:4      | HP: 19/40 [jackal (2)]
  4706 | D:4      | Killed Eustachio
  4706 | D:4      | Reached skill level 5 in Maces & Flails
  4706 | D:4      | Reached XP level 6. HP: 20/46 MP: 10/10
  4710 | D:3      | HP: 14/46 [jackal (2)]
  4718 | D:3      | HP: 4/46 [jackal (3)]
  5283 | D:4      | HP: 22/46 [phantom (6)]
  5284 | D:4      | Reached skill level 6 in Maces & Flails
  5284 | D:4      | Reached XP level 7. HP: 24/51 MP: 11/11
  5495 | D:4      | Noticed Ijyb
  5503 | D:4      | Killed Ijyb
  5804 | D:4      | HP: 25/51 [ogre/+0 giant spiked club (26)]
  6033 | D:4      | Reached skill level 7 in Maces & Flails
  6279 | D:5      | Entered Level 5 of the Dungeon
  6419 | D:5      | Found Hihad's General Store.
  6449 | D:5      | Bought a scroll of identify for 22 gold pieces
  6449 | D:5      | Bought a scroll of enchant armour for 82 gold pieces
  6471 | D:5      | Noticed Prince Ribbit
  6484 | D:5      | HP: 15/51 [Prince Ribbit (13)]
  6719 | D:5      | Found a shimmering altar of Xom.
  6818 | D:5      | Noticed Sigmund
  6828 | D:5      | HP: 23/51 [Sigmund/+3 scythe of slicing (6)]
  6829 | D:5      | Killed Sigmund
  6829 | D:5      | Reached skill level 8 in Maces & Flails
  6829 | D:5      | Reached XP level 8. HP: 23/57 MP: 12/12
  7080 | D:5      | HP: 23/57 [Prince Ribbit (12)]
  7091 | D:5      | HP: 19/57 [something/magic dart (7)]
  7349 | D:5      | Found a runed translucent door.
  7350 | D:5      | Noticed Crazy Yiuf
  7434 | D:5      | Found a staircase to the Ecumenical Temple.
  7443 | Temple   | Entered the Ecumenical Temple
  7496 | Temple   | theanonym: !lg * race=mu class=muwr|muen fifst!=int
  7496 | Temple   | beem: Unknown field: fifst
  7496 | Temple   | theanonym: !lg * race=mu class=muwr|muen god!=veh
  7496 | Temple   | beem: No games for * (race=mu class=muwr|muen god!=veh).
  7496 | Temple   | theanonym: !lg * race=mu class=wr|en god!=veh
  7496 | Temple   | beem: 9802. toni2068 the Skirmisher (L4 MuWr), shot by a
                  | goblin (stone) (led by Robin) on D:3 on 2019-04-20
                  | 07:31:10, with 108 points after 1792 turns and 0:03:58.
  7496 | Temple   | theanonym: !lg * win race=mu class=wr|en god!=veh
  7496 | Temple   | beem: 73. Ge0ff the Lord of Darkness (L27 MuWr of
                  | Kikubaaqudgha), escaped with the Orb and 6 runes on
                  | 2019-03-30 21:58:44, with 2659285 points after 149799 turns
                  | and 8:15:23.
  7496 | Temple   | theanonym: !lg * win race=mu class=wr|en god!=veh|kiku|sif
  7496 | Temple   | beem: 62. ggul009 the Impregnable (L27 MuEn of Gozag),
                  | escaped with the Orb and 15 runes on 2018-10-22 13:13:44,
                  | with 11232100 points after 145710 turns and 5:06:25.
  7496 | Temple   | theanonym: !lg * win race=mu class=wr|en god!=veh|kiku|sif
                  | s=god
  7496 | Temple   | beem: 62 games for * (win race=mu class=wr|en
                  | god!=veh|kiku|sif): 19x Gozag, 14x Ashenzari, 6x Okawaru,
                  | 5x Ru, 4x Dithmenos, 3x Cheibriados, 2x Uskayaw, 2x Nemelex
                  | Xobeh, Yredelemnul, Hepliaklqana, Jiyva, Lugonu, Makhleb,
                  | Trog,
  7512 | Temple   | Became a worshipper of Gozag Ym Sagoz the Greedy
  7589 | D:5      | HP: 23/57 [something/puff of frost (7)]
  7595 | D:5      | HP: 11/57 [bullfrog (6)]
  7880 | D:5      | Noticed Menkaure
  7885 | D:5      | Killed Menkaure
  8232 | D:5      | Killed Crazy Yiuf
  8419 | D:5      | Found Hihad's General Store.
  8497 | D:5      | Found a shimmering altar of Xom.
  8577 | D:5      | HP: 24/57 [Prince Ribbit (9)]
  8583 | D:5      | HP: 7/57 [Prince Ribbit (9)]
  8585 | D:5      | Killed Prince Ribbit
  8585 | D:5      | Reached skill level 9 in Maces & Flails
  8849 | D:5      | Found a staircase to the Ecumenical Temple.
  9206 | D:6      | HP: 28/57 [iguana (9)]
  9211 | D:6      | HP: 12/57 [iguana (7)]
  9215 | D:6      | HP: 4/57 [iguana (9)]
  9225 | D:6      | HP: 5/57 [ice beast (1)]
  9225 | D:6      | HP: 1/57 [ice beast (4)]
  9258 | D:5      | HP: 4/57 [crimson imp (3)]
  9597 | D:6      | Found a blossoming altar of Fedhas.
  9601 | D:6      | Noticed Edmund
  9617 | D:6      | Killed Edmund
  9644 | D:6      | Noticed Blork the orc
  9652 | D:6      | Reached XP level 9. HP: 56/62 MP: 13/13
  9656 | D:6      | Killed Blork the orc
  9667 | D:6      | Reached skill level 10 in Maces & Flails
  9721 | D:6      | Found Kotzaon's Weapon Boutique.
 10140 | D:6      | Found Tomus's Jewellery Boutique.
 10167 | D:6      | HP: 30/62 [ogre/+0 giant spiked club (23)]
 10466 | D:6      | Bought an uncursed amulet of regeneration for 420 gold
                  | pieces
 10536 | D:7      | Found a sand-covered staircase.
 10550 | Ossuary  | Entered an ossuary
 10557 | Ossuary  | HP: 28/62 [mummy (6)]
 11001 | D:7      | Reached skill level 11 in Maces & Flails
 11200 | D:7      | HP: 29/62 [steam dragon/ball of steam (16)]
 11204 | D:7      | HP: 1/62 [steam dragon/ball of steam (22)]
 11209 | D:7      | HP: 10/62 [steam dragon (1)]
 11418 | D:7      | Found a basalt altar of Yredelemnul.
 11696 | D:8      | Noticed a two-headed ogre
 11840 | D:8      | HP: 29/62 [acid (14)]
 12115 | D:7      | Reached XP level 10. HP: 50/69 MP: 14/14
 12271 | D:7      | HP: 33/69 [orc warrior/+0 scimitar (9)]
 12276 | D:7      | HP: 15/69 [orc warrior/+0 scimitar (10)]
 12277 | D:7      | HP: 7/69 [orc warrior/+0 scimitar (8)]
 12281 | D:7      | Slain by an orc warrior

Vanquished Creatures
  Prince Ribbit (D:5)
  Sigmund (D:5)
  Eustachio (D:4)
  A steam dragon (D:7)
  Edmund (D:6)
  Menkaure (D:5)
  A water moccasin (D:7)
  3 ice beasts
  2 ogres
  2 phantoms (D:4)
  3 centaurs (D:8)
  A big kobold (D:8)
  Blork the orc (D:6)
  4 bullfrogs
  9 killer bees (D:7)
  4 wights (D:6)
  2 howler monkeys (D:6)
  6 crimson imps
  An orc priest (D:8)
  A bullfrog skeleton (D:7)
  2 hounds
  Crazy Yiuf (D:5)
  9 orc wizards
  An iguana (D:6)
  Ijyb (D:4)
  2 worker ants
  3 mummies (Ossuary)
  A howler monkey skeleton (D:8)
  4 gnolls (D:4)
  14 adders
  2 shadow imps
  4 adder zombies
  3 worms
  4 dart slugs
  7 leopard geckos
  32 orcs
  5 bats
  3 giant cockroaches
  14 goblins
  13 hobgoblins
  13 jackals
  2 quokkas
  2 ball pythons
  5 frilled lizards
  3 goblin zombies
  6 hobgoblin zombies
  11 kobolds
  A kobold zombie (Ossuary)
  An orc zombie (Ossuary)
  A quokka skeleton (D:5)
  4 quokka zombies (Ossuary)
  10 rats
  4 rat zombies
234 creatures vanquished.

Vanquished Creatures (others)
  An orc wizard (D:8)
  A kobold (D:8)
2 creatures vanquished.

Grand Total: 236 creatures vanquished

Table legend:
 A = Turns spent in this place as a percentage of turns spent in the entire game.
 B = Non-inter-level travel turns spent in this place as a percentage of non-inter-level travel turns spent in the entire game.
 C = Inter-level travel turns spent in this place as a percentage of turns spent in this place.
 D = Turns resting spent in this place as a percentage of non-inter-level travel turns spent in this place.
 E = Turns spent auto-exploring this place as a percentage of non-inter-level travel turns spent in this place.
 F = Non-inter-level travel turns spent in this place divided by the number of levels of this place that you've seen.
                   A       B       C       D       E      F
               +-------+-------+-------+-------+-------+----------------------
         Total | 100.0 | 100.0 |   6.1 |  42.9 |  38.8 | 1153.0
       Dungeon |  97.5 |  97.4 |   6.2 |  43.6 |  38.6 | 1403.6
        Temple |   0.6 |   0.6 |   5.3 |   0.0 |  72.2 |  72.0
       Ossuary |   1.9 |   2.0 |   0.0 |  21.0 |  38.0 | 229.0
               +-------+-------+-------+-------+-------+----------------------
